 Dungeon Sprint DCSS version 0.31-a0-963-ga325b2283a (webtiles) character file.

Game seed: 1643794426955355893

531 sircluck the Grappler (level 7, -6/118 HPs)
             Began as a Troll Berserker on Oct 25, 2023.
             Was a High Priest of Trog.
             Mangled by a sixfirhy (9 damage)
             ... in the Dungeon (Sprint VII: "The Pits").
             The game lasted 00:00:55 (365 turns).

sircluck the Grappler (Troll Berserker)              Turns: 365, Time: 00:00:55

Health: -6/118     AC:  4    Str: 28    XL:     7   Next: 3%
Magic:  6/6        EV: 11    Int:  3    God:    Trog [*****.]
Gold:   0          SH:  0    Dex:  9    Spells: 6/6 levels left

rFire   . .          .
                       - Unarmed
rCold   . . .        (no shield)
rNeg    . . .        a - +0 animal skin
rPois   .            (helmet restricted)
rElec   .            (no cloak)
rCorr   .            (gloves unavailable)
SInv    .            (boots unavailable)
Will    .....        (no amulet) Stlth
                     (no ring)
HPRegen 1.19/turn    (no ring)
MPRegen 0.10/turn

%: no teleportation
@: berserking, very quick
A: large, unfitting armour, claws 3, regeneration 1, shaggy fur 1, tough skin 1
a: Renounce Religion, Berserk, Trog's Hand, Brothers in Arms


You were in the Dungeon.
You worshipped Trog.
Trog was extremely pleased with you.
You visited 1 branch

Inventory:

Armour
 a - a +0 animal skin (worn)
Scrolls
 g - a scroll of blinking
 i - 2 scrolls of vulnerability
 j - a scroll of summoning
Potions
 b - 6 potions of curing
 c - 6 potions of heal wounds
 d - a potion of haste
 e - 4 potions of magic
 f - 3 potions of berserk rage
 h - 2 potions of invisibility


   Skills:
 + Level 7.8 Fighting
 + Level 7.7 Dodging
 + Level 9.3 Unarmed Combat


You had 6 spell levels left.
You didn't know any spells.
Your spell library was empty.

Dungeon Overview and Level Annotations

Branches:
Dungeon (1/1)

Altars:
Ashenzari
Cheibriados
Dithmenos
Elyvilon
Fedhas
Gozag
Hepliaklqana
Kikubaaqudgha
Makhleb
Nemelex Xobeh
Okawaru
Qazlal
Ru
Sif Muna
Trog
Uskayaw
Vehumet
Wu Jian
Xom
Yredelemnul
Zin
The Shining One
Jiyva
Lugonu


Innate Abilities, Weirdness & Mutations

You are too large for most types of armour.
You have claws for hands.
Your natural rate of healing is unusually fast.
You are covered in fur. (AC +1)
You have tough skin. (AC +1)


Message History

The sixfirhy hits you but does no damage.
The sixfirhy barely misses you.
You closely miss the sixfirhy. The sixfirhy hits you. The sixfirhy shocks you!
You are too injured to fight recklessly!
You are too injured to fight recklessly!
You are too injured to fight recklessly!
You are too injured to fight recklessly!
You are too injured to fight recklessly!
You are too injured to fight recklessly!
You are too injured to fight recklessly!
You are too injured to fight recklessly!
You are too injured to fight recklessly!
You are too injured to fight recklessly!
You are too injured to fight recklessly!
You are too injured to fight recklessly!
You are too injured to fight recklessly!
You are too injured to fight recklessly!
A red film seems to cover your vision as you go berserk!
You feel yourself moving faster!
You feel mighty!
You mangle the sixfirhy!!
The sixfirhy is severely wounded.
You miss the sixfirhy.
The sixfirhy is severely wounded.
The sixfirhy barely misses you.
You closely miss the sixfirhy.
The sixfirhy is severely wounded.
The sixfirhy hits you. The sixfirhy shocks you! The sixfirhy hits you.
The sixfirhy shocks you!
* * * LOW HITPOINT WARNING * * *
The sixfirhy hits you.
* * * LOW HITPOINT WARNING * * *
The sixfirhy shocks you!
* * * LOW HITPOINT WARNING * * *
Unknown command.
You barely miss the sixfirhy.
The sixfirhy is severely wounded.
The sixfirhy closely misses you. The sixfirhy hits you!
* * * LOW HITPOINT WARNING * * *
The sixfirhy shocks you!
You die...

#)#........##.......#
#)#........##.......#
#'###########.......#
#..†....# #########
#..#.#..# #.##.##.#
#.......#+#
#.##.##.#3+
#..#.#..#@#
#.......'.#
###########


You could see a sixfirhy.

Vanquished Creatures
  An orc warrior (D)
  An ogre (D)
  A scorpion (D)
  A jelly (D)
  A gnoll (D)
  An adder (D)
  A ball python (D)
  2 giant cockroaches (D)
  A goblin (D)
  A hobgoblin (D)
  2 jackals (D)
  2 quokkas (D)
  A frilled lizard (D)
16 creatures vanquished.

Vanquished Creatures (collateral kills)
  A sky beast (D)
  A gnoll sergeant (D)
  An orc priest (D)
  An orc wizard (D)
  2 gnolls (D)
  An orc (D)
7 creatures vanquished.

Grand Total: 23 creatures vanquished

Notes
Turn   | Place    | Note
-------+----------+-------------------------------------------
     0 | D        | sircluck the Troll Berserker began the quest for the Orb.
     0 | D        | Reached XP level 1. HP: 22/22 MP: 0/0
    32 | D        | Found a bloodstained altar of Trog.
    32 | D        | Found a shimmering blue altar of Sif Muna.
    32 | D        | Found a viscous altar of Jiyva.
    32 | D        | Found a hazy altar of Hepliaklqana.
    32 | D        | Found an opulent altar of Gozag.
    33 | D        | Found a glowing golden altar of the Shining One.
    33 | D        | Found a glowing silver altar of Zin.
    33 | D        | Found a basalt altar of Yredelemnul.
    33 | D        | Found a shimmering altar of Xom.
    33 | D        | Found an ornate altar of the Wu Jian Council.
    33 | D        | Found a sacrificial altar of Ru.
    33 | D        | Found a stormy altar of Qazlal.
    33 | D        | Found an iron altar of Okawaru.
    33 | D        | Found a sparkling altar of Nemelex Xobeh.
    33 | D        | Found a burning altar of Makhleb.
    33 | D        | Found a blossoming altar of Fedhas.
    33 | D        | Found a white marble altar of Elyvilon.
    33 | D        | Found a shadowy altar of Dithmenos.
    33 | D        | Found a snail-covered altar of Cheibriados.
    35 | D        | Found a radiant altar of Vehumet.
    35 | D        | Found a corrupted altar of Lugonu.
    36 | D        | Found a hide-covered altar of Uskayaw.
    36 | D        | Found an ancient bone altar of Kikubaaqudgha.
    36 | D        | Found a broken altar of Ashenzari.
    77 | D        | Reached ** piety under Trog
    84 | D        | Reached skill level 4 in Unarmed Combat
    84 | D        | Reached XP level 2. HP: 17/31 MP: 1/1
   111 | D        | Noticed a scorpion
   117 | D        | Killed a scorpion
   118 | D        | Reached skill level 5 in Unarmed Combat
   118 | D        | Reached XP level 3. HP: 36/40 MP: 2/2
   118 | D        | Reached XP level 4. HP: 44/49 MP: 3/3
   130 | D        | Noticed an ogre
   140 | D        | Reached *** piety under Trog
   148 | D        | Killed an ogre
   149 | D        | Reached skill level 5 in Fighting
   149 | D        | Reached skill level 5 in Dodging
   149 | D        | Reached skill level 6 in Unarmed Combat
   149 | D        | Reached XP level 5. HP: 4/58 MP: 4/4
   257 | D        | Reached **** piety under Trog
   260 | D        | Noticed an orc warrior
   261 | D        | Noticed a sky beast
   270 | D        | Killed an orc warrior
   271 | D        | Reached skill level 7 in Unarmed Combat
   278 | D        | Reached XP level 6. HP: 26/68 MP: 5/5
   281 | D        | Reached skill level 8 in Unarmed Combat
   281 | D        | Killed a sky beast
   285 | D        | Reached skill level 9 in Unarmed Combat
   287 | D        | Reached ***** piety under Trog
   328 | D        | Reached XP level 7. HP: 64/79 MP: 6/6
   356 | D        | Noticed a sixfirhy
   365 | D        | HP: 3/118 [sixfirhy (9)]
   365 | D        | Mangled by a sixfirhy

Illustrated notes

Levels and vault maps discovered:
D:        pitsprint [storerooms_1, entrance_room_1, metal_vault_4, armoury_3,
          mini_pit_1, grid_room_1, main_hall_1, silver_pit, the_coven_1,
          the_vestibule_1, steel_vault_1, golden_pit, hallway_of_sentries,
          crystal_vault_4, iron_vault_1, final_vault]

Skill      XL: |  1  2  3  4  5  6 |
---------------+-------------------+-----
Fighting       | 3 4 5 6 7 |  7.8
Dodging        | 3 4 5 6 7 |  7.7
Unarmed Combat | 4 5 6 7 9 |  9.3

Action                     |  1- 3 |  4- 6 |  7- 9 || total
---------------------------+-------+-------+-------++-------
  Melee: Unarmed           |    18 |    33 |    11 ||    62
         Punch             |       |     1 |       ||     1
 Invoke: Brothers in Arms  |       |     1 |       ||     1
         Berserk           |       |       |     1 ||     1
 Armour: Animal skin       |    11 |    33 |    10 ||    54
  Dodge: Dodged            |     9 |    25 |     6 ||    40

Table legend: (Time is in decaauts)
 A = Elapsed time spent in this place.
 B = Non-inter-level travel time spent in this place.
 C = Inter-level travel time spent in this place.
 D = Time resting spent in this place.
 E = Time spent auto-exploring this place.
 F = Levels seen in this place.
 G = Mean time per level.
                   A        B        C        D        E       F      G
               +--------+--------+--------+--------+--------+-----+--------+
         Total |    357 |    357 |      0 |      0 |    190 |   1 |  357.0 |
       Dungeon |    357 |    357 |      0 |      0 |    190 |   1 |  357.0 |
               +--------+--------+--------+--------+--------+-----+--------+

Top non-repeatable levels by time:
       D: 357 daAuts
